 Dungeon Crawl Stone Soup version 0.19-a0-722-g27ac516 (webtiles) character file.

340 Leszczynek the Cudgeler (level 6, -1/45 HPs)
             Began as a Demigod Wanderer on June 21, 2016.
             Slain by an iguana (4 damage)
             ... on level 4 of the Dungeon.
             The game lasted 00:11:34 (4383 turns).

Leszczynek the Cudgeler (Demigod Wanderer)          Turns: 4383, Time: 00:11:35

Health: -1/45      AC:  7    Str: 17    XL:     6   Next: 8%
Magic:  10/10      EV: 18    Int: 17    God:
Gold:   106        SH:  0    Dex: 21    Spells: 0 memorised, 5 levels left

rFire  + . .     SeeInvis .     u - +2 war axe (flame)
rCold  . . .     Gourm    +     c - +2 robe {rF+}
rNeg   . . .     Faith    .     (no shield)
rPois  .         Spirit   .     l - +1 helmet
rElec  .         Dismiss  .     (no cloak)
rCorr  .         Reflect  .     d - +0 pair of gloves
SustAt +         Harm     .     (no boots)
MR     .....                    j - amulet of the gourmand
Stlth  +++.......               (no ring)
                                (no ring)

@: agile, not resistant to hostile enchantments, fairly stealthy
A: high mp 1, sustain attributes
a: no special abilities


You were on level 4 of the Dungeon.
You were completely stuffed.

You visited 1 branch of the dungeon, and saw 4 of its levels.

You collected 106 gold pieces.

Inventory:

Hand Weapons
 q - a +0 war axe
 r - a +0 quarterstaff
 t - a +2 mace of protection
 u - a +2 war axe of flaming (weapon)
 v - a +0 flail
 x - a +0 blowgun
Missiles
 e - 6 steel javelins (quivered)
 g - 14 tomahawks
 i - 8 needles of confusion
Armour
 c - a +2 robe of fire resistance (worn)
 d - a +0 pair of gloves (worn)
 l - a +1 helmet (worn)
 s - a +0 ring mail
Jewellery
 j - an amulet of the gourmand (around neck)
Scrolls
 b - a scroll of noise {unknown}
 h - a scroll of fog {unknown}
 k - a scroll of teleportation {unknown}
 m - a scroll of identify
Potions
 p - a potion of agility
Miscellaneous
 a - a phial of floods
Comestibles
 f - 3 bread rations
 n - 4 chunks of flesh
 o - 2 royal jellies


   Skills:
 + Level 0.1 Fighting
 * Level 1.0(3.6) Axes
 - Level 5.5(5.8) Maces & Flails
 - Level 1.7(3.9) Staves
   Level 2.6 Bows
 - Level 1.7 Dodging
 - Level 1.0 Stealth
 - Level 1.7 Evocations


You had 5 spell levels left.
You didn't know any spells.

Dungeon Overview and Level Annotations

Branches:
Dungeon (4/15)
 Temple: D:4-7

Annotations:
D:2 exclusion: door


Innate Abilities, Weirdness & Mutations

You have an increased reservoir of magic. (+10% MP)
Your attributes are resistant to harm.


Message History

You closely miss the iguana. You hit the orc. You burn the orc.
The orc is almost dead.
The iguana bites you! The orc hits you but does no damage.
The iguana bites you! The orc barely misses you.
You slash the orc! You burn the orc.
You kill the orc!
You hit the iguana. You burn the iguana.
The iguana is heavily wounded.
The iguana bites you!
You hit the iguana. You burn the iguana.
The iguana is severely wounded.
The iguana bites you. The iguana bites you!
* * * LOW HITPOINT WARNING * * *
Unknown command.
You feel agile all of a sudden. The iguana completely misses you.
You barely miss the iguana.
The iguana is severely wounded.
The iguana bites you.
You die...

## #### ... ... ####.#
### ######.###....# ..#
............#.# ..#
.............>##..#
##..####........#..#+###
...# #÷.......#.......
##..####........@)......
....#...........#l.....(
....#.####......#.......
..!...####......#.##+###
...#####........#.. ...#
#......##### ...#
#......# .÷.# #......#
...### #......#


You could see an iguana.

Vanquished Creatures
  Sigmund (D:3)
  Jessica (D:2)
  4 gnolls
  5 adders
  A worm (D:2)
  A dart slug (D:3)
  2 giant geckos
  4 orcs
  11 bats
  6 giant cockroaches
  8 goblins
  3 hobgoblins
  4 jackals (D:2)
  2 quokkas (D:2)
  3 ball pythons
  8 giant newts
  5 kobolds
  3 rats
72 creatures vanquished.

Notes
Turn   | Place    | Note
--------------------------------------------------------------
     0 | D:1      | Leszczynek the Demigod Wanderer began the quest for the Orb.
     0 | D:1      | Leszczynek set off with: a phial of floods, a +0 mace, a potion of lignification, a +0 robe, a bread ration
     0 | D:1      | Reached XP level 1. HP: 14/14 MP: 4/4
   288 | D:1      | Reached skill level 1 in Maces & Flails
   472 | D:1      | Reached XP level 2. HP: 17/20 MP: 5/5
   775 | D:1      | Reached skill level 2 in Maces & Flails
  1201 | D:2      | Found a shattered altar of Ashenzari.
  1207 | D:2      | Noticed Jessica
  1683 | D:2      | Reached XP level 3. HP: 23/26 MP: 6/6
  1758 | D:2      | Found an ancient bone altar of Kikubaaqudgha.
  1793 | D:2      | Found a hide-covered altar of Uskayaw.
  2242 | D:2      | Found an iron altar of Okawaru.
  2571 | D:2      | Killed Jessica
  2571 | D:2      | Reached skill level 3 in Maces & Flails
  2571 | D:2      | Reached XP level 4. HP: 18/33 MP: 7/7
  3007 | D:3      | Noticed Sigmund
  3243 | D:3      | Reached skill level 4 in Maces & Flails
  3339 | D:3      | Killed Sigmund
  3339 | D:3      | Reached skill level 5 in Maces & Flails
  3339 | D:3      | Reached XP level 5. HP: 38/38 MP: 8/8
  4092 | D:3      | Reached XP level 6. HP: 40/45 MP: 10/10
  4270 | D:4      | Reached skill level 1 in Axes
  4381 | D:4      | HP: 3/45 [iguana (13)]
  4383 | D:4      | Slain by an iguana

Vault maps used:
D:1:      moated_graveyard_arrival, serial_bayou_pond_c, minivault_11
D:2:      eat_drink_and_be_merry_uskayaw, lemuel_round_altar,
          lemuel_crystal_altar, evilmike_ruin_ashenzari,
          uniq_crazy_yiuf_cottage, uniq_jessica
D:3:      uniq_sigmund
D:4:      kennysheep_mini_moat, first_bread, uniq_edmund

Skill      XL: |  1  2  3  4  5  6 |
---------------+-------------------+-----
Maces & Flails | 1 2 3 5 |  5.5
Axes           | 1 |  1.0
Fighting       | |  0.1
Staves         | |  1.7
Bows           | |  2.6
Dodging        | |  1.7
Stealth        | |  1.0
Evocations     | |  1.7

Action                   |  1- 3 |  4- 6 || total
-------------------------+-------+-------++-------
Melee: Mace              |   149 |   110 ||   259
       War axe           |    21 |    11 ||    32
Throw: Javelin           |     2 |     4 ||     6
  Use: Potion            |       |     6 ||     6
       Scroll            |       |     1 ||     1
 Stab: Sleeping          |     2 |       ||     2
  Eat: Chunk             |    17 |     6 ||    23
Armor: Robe              |    78 |    32 ||   110
       Ring mail         |       |    31 ||    31
       Skin              |       |     7 ||     7
Dodge: Dodged            |   153 |    91 ||   244
